AoeStats
← The king

African Clearing

510289149Analyzed
4v4 RM · 2d ago on Sep 30, 2026· 55m 29s· 8 players
Game mode
Random Map
Map size
Large (8 player)
Population
200
Speed
Normal
Resources
Standard
Victory
Conquest
Starting age
Dark Age
Ending age
Imperial Age
RankedLock teamsTeams togetherTeam positionsShared explorationLock speedFull tech treeHidden civsTurbo modeCheats
Victory
Defeat
🇸🇪 Sicilians · Sweden
1326
+14
🇺🇿 Saxons · Uzbekistan
1223
+19
🇨🇳 Bulgarians · China
1174
+20
🇸🇪 Koreans · Sweden
1073
+24
🇨🇳 Mapuche · China
1322
-21
🇨🇳 Khmer · China
1318
-21
🇹🇼 Mongols · Taiwan
1274
-19
🇬🇧 Byzantines · United Kingdom
1191
-16
karbid
4:13 Loom
14:13 Feudal Age
18:32 Castle Age
16:50 Double-Bit Axe
16:51 Horse Collar
18:51 Wheelbarrow
18:04 Arson
19:46 Squires
19:31 Gambesons
19:54 Scale Mail Armor
22:01 Forging
22:19 Chain Mail Armor
24:18 Iron Casting
25:15 Gold Mining
28:51 Hand Cart
32:30 Town Watch
34:56 Heavy Plow
36:15 Bow Saw
39:48 Imperial Age
38:15 Ballistics
38:28 Fletching
38:37 Murder Holes
39:19 Bodkin Arrow
39:38 Masonry
40:02 Shield Wall
40:29 Elite Varangian Guard
42:19 Plate Mail Armor
45:28 Conscription
47:11 Conscription
50:42 Gold Shaft Mining
Redlocke
7:50 Loom
13:45 Feudal Age
15:31 Double-Bit Axe
18:42 Castle Age
17:10 Fletching
19:24 Bodkin Arrow
19:46 Bow Saw
21:04 Husbandry
22:15 Thumb Ring
25:37 Wheelbarrow
24:47 Town Watch
25:36 Husbandry
31:39 Hand Cart
32:18 Pikeman
33:04 Scale Mail Armor
36:15 Chain Mail Armor
39:27 Ballistics
47:01 Imperial Age
53:24 Caravan
53:16 Heavy Rocket Cart
54:28 Siege Engineers
56:07 Chemistry
Peppe L-G
4:22 Loom
12:26 Feudal Age
15:22 Double-Bit Axe
18:32 Fletching
24:42 Castle Age
24:10 Scale Mail Armor
24:37 Arson
25:52 Stone Mining
25:55 Gold Mining
27:26 Chain Mail Armor
27:28 Bow Saw
30:36 Wheelbarrow
30:14 Bodkin Arrow
33:19 Hand Cart
33:03 Town Watch
37:32 Imperial Age
35:47 Horse Collar
36:49 Scale Barding Armor
37:05 Forging
37:04 Heavy Plow
37:43 Husbandry
37:54 Bloodlines
38:05 Chain Barding Armor
38:57 Gold Shaft Mining
38:10 Cavalier
39:27 Plate Barding Armor
40:01 Iron Casting
40:27 Conscription
40:53 Hauberk
42:07 Blast Furnace
41:57 Bracer
42:43 Masonry
43:35 Chemistry
42:56 Ballistics
43:54 Light Cavalry
47:45 Onager
49:12 Siege Engineers
49:04 Siege Onager
The king
4:35 Loom
17:25 Feudal Age
27:33 Castle Age
26:44 Forging
27:39 Double-Bit Axe
39:08 Wheelbarrow
43:01 Gold Mining
46:17 Imperial Age
44:07 Hand Cart
44:14 Hand Cart
44:44 Gold Shaft Mining
44:34 Scale Barding Armor
44:46 Town Watch
45:10 Stone Mining
45:58 Iron Casting
45:43 Scale Mail Armor
46:37 Chain Barding Armor
46:35 Bloodlines
46:51 Chain Mail Armor
46:43 Husbandry
47:17 Fletching
47:29 Stirrups
49:18 Plate Barding Armor
49:44 Conscription
50:52 Blast Furnace
50:43 Plate Mail Armor
50:37 Horse Collar
51:09 Bow Saw
51:14 Onager
52:27 Heavy Plow
53:53 Bodkin Arrow
55:08 Town Patrol
55:26 Bracer
WOLF
5:32 Loom
14:42 Feudal Age
23:28 Castle Age
21:48 Fletching
31:39 Castle Age
29:33 Double-Bit Axe
31:53 Stone Mining
32:27 Gold Mining
34:38 Bow Saw
38:38 Horse Collar
40:17 Wheelbarrow
43:12 Town Watch
随机便投
3:21 Loom
13:46 Feudal Age
16:40 Castle Age
15:00 Double-Bit Axe
15:15 Horse Collar
16:50 Wheelbarrow
17:58 Bow Saw
18:14 Heavy Plow
25:37 Gold Mining
26:57 Hand Cart
28:10 Stone Mining
29:06 Gold Shaft Mining
31:57 Imperial Age
30:44 Tusk Swords
32:36 Scale Barding Armor
33:23 Stone Shaft Mining
32:12 Elite Ballista Elephant
32:54 Double Crossbow
33:16 Conscription
33:45 Hoardings
35:43 Murder Holes
35:56 Siege Engineers
36:52 Chemistry
36:15 Ballistics
38:46 Chain Barding Armor
38:36 Forging
38:11 Light Cavalry
39:01 Bloodlines
38:52 Husbandry
40:09 Plate Barding Armor
44:14 Iron Casting
45:59 Coinage
45:31 Caravan
46:33 Blast Furnace
48:21 Hussar
48:26 Cavalier
49:46 Banking
50:40 Elite Battle Elephant
[SKY] strider
6:20 Loom
13:38 Feudal Age
20:54 Castle Age
21:41 Padded Archer Armor
24:12 Double-Bit Axe
25:45 Husbandry
26:58 Leather Archer Armor
26:52 Scale Barding Armor
30:58 Forging
33:15 Chain Barding Armor
39:33 Elite Skirmisher
40:05 Fletching
50:56 Bow Saw
53:57 Imperial Age
52:05 Wheelbarrow
SkullBump
3:09 Loom
16:11 Feudal Age
19:58 Castle Age
19:18 Double-Bit Axe
22:54 Fletching
36:46 Treadmill Crane
37:04 Murder Holes
39:38 Horse Collar
40:14 Treadmill Crane
41:52 Heavy Plow
41:45 Gold Mining
41:48 Stone Mining
42:20 Ballistics
42:49 Bow Saw
43:45 Bodkin Arrow
46:21 Gold Shaft Mining
46:24 Stone Shaft Mining
51:27 Imperial Age
58:28 Imperial Age
Connection lost

Rejoining the realm…

Still unreachable

The connection could not be restored.

Session expired

The server has moved on; the page needs a fresh start.